 Dungeon Crawl Stone Soup version 0.26.1-11-gd32895ea62 (webtiles) character file.

Game seed: 12362303166892752508

278934 phalm the Devastator (level 19, -20/121 HPs)
             Began as a Deep Elf Conjurer on Apr 20, 2021.
             Was the Champion of Vehumet.
             Killed from afar by a deep elf sorcerer (30 damage)
             ... with damnation
             ... on level 3 of the Elven Halls on Apr 21, 2021.
             The game lasted 03:34:05 (64102 turns).

phalm the Devastator (Deep Elf Conjurer)           Turns: 64102, Time: 03:34:06

Health: -20/121    AC: 13    Str:  8    XL:     19   Next: 64%
Magic:  14/39      EV: 17    Int: 36    God:    Vehumet [******]
Gold:   3420       SH: 13    Dex:  8    Spells: 6/47 levels left

rFire    + + .     SeeInvis +   J - staff of fire {!a}
rCold    + + +     Faith    .   A - +2 buckler
rNeg     . . .     Spirit   .   l - +3 leather armour {Will+}
rPois    .         Reflect  +   Q - +0 mask of the Dragon {Will+ Slay+3 SInv}
rElec    .         Harm     .   O - +0 cloak "Ylerhiac" {rF+ Str+4}
rCorr    +         Rampage  .   j - +1 pair of gloves
Will     +++++                  T - +0 pair of boots "Jomica" {rC+++ rCorr Int+4 Dex-5}
Stlth    +.........             D - amulet of reflection
HPRegen  0.30/turn              y - ring of willpower
MPRegen  0.26/turn              S - ring of willpower

@: no status effects
A: robust 1
}: 2/15 runes: barnacled, gossamer
a: Renounce Religion


You were on level 3 of the Elven Halls.
You worshipped Vehumet.
Vehumet was exalted by your worship.
You visited 6 branches of the dungeon, and saw 34 of its levels.
You also visited: Ossuary, Bailey, Ice Cave and Volcano.

You collected 6246 gold pieces.
You spent 2826 gold pieces at shops.


Innate Abilities, Weirdness & Mutations

You are robust. (+10% HP)


   Skills:
 + Level 9.5 Fighting
 + Level 10.5 Staves
 - Level 11.6 Armour
 + Level 13.4 Dodging
 - Level 2.4 Stealth
 + Level 12.8 Shields
 + Level 14.6 Spellcasting
 + Level 16.4 Conjurations
 + Level 3.7 Summonings
 - Level 7.9 Necromancy
 - Level 9.0 Translocations
 * Level 12.4 Fire Magic
 - Level 1.2 Air Magic
 + Level 8.7 Earth Magic
 - Level 1.5 Poison Magic
 + Level 12.2 Evocations


You had 6 spell levels left.
You knew the following spells:

 Your Spells              Type           Power        Failure   Level
b - Bolt of Magma         Conj/Fire/Erth 54%          1%          5
l - Lehudib's Crystal Sp  Conj/Erth      43%          17%         8
m - Magic Dart            Conj           100%         0%          1
n - Iskenderun's Battles  Conj           98%          1%          5
p - Spellforged Servitor  Conj/Summ      39%          7%          7
s - Searing Ray           Conj           100%         0%          2
B - Blink                 Tloc           N/A          1%          2
X - Iskenderun's Mystic   Conj/Tloc      87%          1%          4
Y - Sublimation of Blood  Necr           35%          1%          2
Z - Fireball              Conj/Fire      57%          1%          5

Your spell library contained the following spells:

 Spells                   Type           Power        Failure   Level
 Fire Storm               Conj/Fire      57%          75%         9
 Absolute Zero            Ice            13%          100%        9
 Foxfire                  Conj/Fire      100%         0%          1
 Conjure Flame            Conj/Fire      100%         0%          3
 Apportation              Tloc           100%         1%          1
 Beastly Appendage        Tmut           52%          1%          1
 Corona                   Hex            28%          1%          1
 Freeze                   Ice            100%         1%          1
 Sandblast                Erth           100%         1%          1
 Summon Small Mammal      Summ           100%         1%          1
 Call Imp                 Summ           52%          1%          2
 Corpse Rot               Necr/Air       N/A          1%          2
 Passwall                 Tmut/Erth      45%          1%          2
 Poisonous Vapours        Pois/Air       72%          1%          2
 Call Canine Familiar     Summ           52%          1%          3
 Dazzling Flash           Conj/Hex       100%         1%          3
 Frozen Ramparts          Ice            52%          1%          3
 Gell's Gravitas          Tloc           37%          1%          3
 Ignite Poison            Fire/Tmut/Pois 74%          1%          3
 Inner Flame              Hex/Fire       82%          1%          3
 Lesser Beckoning         Tloc           37%          1%          3
 Mephitic Cloud           Conj/Pois/Air  64%          1%          3
 Portal Projectile        Hex/Tloc       100%         1%          3
 Static Discharge         Conj/Air       74%          1%          3
 Stone Arrow              Conj/Erth      100%         1%          3
 Animate Dead             Necr           35%          1%          4
 Dispel Undead            Necr           71%          1%          4
 Fulminant Prism          Conj/Hex       35%          1%          4
 Hailstorm                Conj/Ice       71%          1%          4
 Sticky Flame             Conj/Fire      100%         1%          4
 Agony                    Necr           71%          1%          5
 Borgnjor's Vile Clutch   Necr/Erth      36%          1%          5
 Excruciating Wounds      Necr           35%          1%          5
 Irradiate                Conj/Tmut      35%          1%          5
 Lee's Rapid Deconstruct  Erth           37%          1%          5
 Lightning Bolt           Conj/Air       37%          1%          5
 Iron Shot                Conj/Erth      43%          1%          6
 Summon Guardian Golem    Hex/Summ       39%          2%          3
 Conjure Ball Lightning   Conj/Air       37%          2%          6
 Ensorcelled Hibernation  Hex/Ice        52%          3%          2
 Slow                     Hex            26%          3%          2
 Wereblood                Tmut           26%          3%          2
 Petrify                  Tmut/Erth      55%          3%          4
 Summon Forest            Summ/Tloc      32%          3%          5
 Spider Form              Tmut/Pois      15%          4%          3
 Confusing Touch          Hex            26%          6%          3
 Ozocubu's Armour         Ice            26%          6%          3
 Tukima's Dance           Hex            26%          6%          3
 Summon Lightning Spire   Summ/Air       44%          7%          4
 Dispersal                Tloc           37%          7%          6
 Freezing Cloud           Conj/Ice/Air   31%          7%          6
 Summon Ice Beast         Ice/Summ       39%          9%          4
 Death Channel            Necr           35%          11%         6
 Ice Form                 Ice/Tmut       26%          19%         4
 Alistair's Intoxication  Tmut/Pois      20%          36%         5
 Silence                  Hex/Air        15%          38%         5
 Statue Form              Tmut/Erth      36%          43%         6
 Eringya's Noxious Bog    Tmut/Pois      15%          45%         6
 Blade Hands              Tmut           13%          47%         5
 Simulacrum               Ice/Necr       26%          50%         6
 Hydra Form               Tmut           13%          96%         6
 Orb of Destruction       Conj           49%          1%          7
 Ignition                 Fire           54%          19%         8
 Disjunction              Tloc           37%          97%         8
 Summon Hydra             Summ           26%          98%         7
 Dragon Form              Tmut           13%          100%        7
 Shatter                  Erth           37%          100%        9
 Tornado                  Air            17%          100%        9

Inventory:

Armour
 j - a +1 pair of gloves (worn)
   (You found it on level 1 of the Shoals)
 l - a +3 leather armour of willpower (worn)
   (You took it off an orc on level 1 of the Orcish Mines)
 A - a +2 buckler (worn)
   (You took it off a deep elf knight on level 2 of the Elven Halls)
 O - the +0 cloak "Ylerhiac" (worn) {rF+ Str+4}
   (You acquired it on level 2 of the Orcish Mines)

   It affects your strength (+4).
   It protects you from fire.
 Q - the +0 mask of the Dragon (worn) {Will+ Slay+3 SInv}
   (You bought it in a shop on level 12 of the Dungeon)

   It affects your accuracy and damage with ranged weapons and melee attacks
   (+3).
   It affects your willpower, your defense against some magical effects.
   It lets you see invisible.
 T - the +0 pair of boots "Jomica" (worn) {rC+++ rCorr Int+4 Dex-5}
   (You bought it in a shop on level 12 of the Dungeon)

   It affects your intelligence (+4).
   It affects your dexterity (-5).
   It renders you almost immune to cold.
   It provides partial protection from all sources of acid and corrosion.
Magical Staves
 J - an uncursed staff of fire (weapon) {!a}
   (You found it on level 6 of the Dungeon)
Jewellery
 k - a +4 ring of evasion
   (You found it on level 2 of the Elven Halls)
 y - a ring of willpower (left hand)
   (You found it in an ossuary)
 D - an amulet of reflection (around neck)
   (You found it on level 2 of the Elven Halls)
 F - an uncursed ring of fire
   (You took it off a deep elf mage on level 2 of the Elven Halls)
 S - a ring of willpower (right hand)
   (You found it on level 4 of the Spider Nest)
 W - an uncursed ring of magical power
   (You found it on level 3 of the Shoals)
Wands
 c - a wand of paralysis (22)
   (You found it in an ice cave)
 i - a wand of disintegration (28)
   (You found it in an ice cave)
 m - a wand of enslavement (5)
   (You found it on level 3 of the Spider Nest)
 o - a wand of acid (20)
   (You found it on level 13 of the Dungeon)
 s - a wand of polymorph (23)
   (You took it off Ijyb on level 3 of the Dungeon)
 v - a wand of flame (26)
   (You found it on level 2 of the Shoals)
 Y - a wand of iceblast (35)
   (You found it on level 6 of the Lair of Beasts)
 Z - a wand of digging (4)
   (You bought it in a shop on level 13 of the Dungeon)
Scrolls
 a - 3 scrolls of summoning
 d - 9 scrolls of fog
 g - 7 scrolls of remove curse {@r2}
 n - a scroll of torment {!r}
 q - 12 scrolls of teleportation {@r4}
 u - 3 scrolls of amnesia
 H - 4 scrolls of magic mapping {!r}
 M - 3 scrolls of immolation {!r!r}
 N - 6 scrolls of identify {@r1}
 P - 6 scrolls of fear
 U - a scroll of vulnerability {!r!r}
Potions
 b - a potion of berserk rage {!q}
 e - 8 potions of flight
 f - 6 potions of heal wounds {@q2}
 h - 5 potions of brilliance
 p - 10 potions of curing {@q1}
 r - 5 potions of magic
 z - 5 potions of haste {@q3}
 C - 2 potions of cancellation
 E - 4 potions of resistance
 L - 4 potions of lignification {!q}
 R - 3 potions of might
 V - 5 potions of invisibility
 X - 4 potions of ambrosia
Miscellaneous
 t - a lightning rod (4/4)
   (You found it on level 2 of the Shoals)
 x - a tin of tremorstones (2/2)
   (You found it on level 2 of the Elven Halls)
 G - a condenser vane
   (You found it on level 1 of the Lair of Beasts)

Dungeon Overview and Level Annotations

Branches:
Dungeon (15/15)            Temple (0/1) D:5            Lair (6/6) D:8
 Shoals (4/4) Lair:4       Spider (4/4) Lair:3        Slime (0/5) Lair:5
    Orc (2/2) D:9             Elf (3/3) Orc:2        Vaults (0/5) D:13
 Depths (0/5) D:15        Ossuary (visited)          Bailey (visited)
  IceCv (visited)         Volcano (visited)

Altars:
Cheibriados
Dithmenos
Elyvilon
Fedhas
Gozag
Hepliaklqana
Trog
Vehumet
Wu Jian
Xom
Yredelemnul
Beogh
Jiyva

Shops:
D:6 *   D:11 (   D:12 }[*   D:13 }   D:14 *((*(   Orc:2 *?!?   Elf:1 }

Portals:
Trove: D:11 (give 11 potions of heal wounds)

#.###.## ##.###'###.
##+##.## ####### ##'#...#'#
...#'## ##.....## ##..♣..##
....## ##.......## #.......#
.....#######.........#
#.♣.8.♣.#
.8...'.....+.........#
#.......#
.....#######.........#
##..♣..## ....## #.........#
##e..## ...#'## #....@.[..#
##'###'## #####.##
##....☼..#####.## ##.# #
##.#####'#.....#####)## ##'
##'.##'#######'###'## #..
#.....#########.#.########..
#.....+......'..e..'.....'..
#.....########..#..#######..
###.### #..#.[# #.. ###
####### ###


You could see a deep elf sorcerer (fast).


Message History

The deep elf sorcerer gestures at you while chanting.
The sphere of damnation explodes!
The damnation engulfs you!!!
* * * LOW HITPOINT WARNING * * *
You hear a shout! 😱 HP[-42] MP[-1]
You take 42 damage, and now have 10/121 hp.
MASSIVE DAMAGE!! (PAUSE)
You lost 1 mp, and now have 4/39 mp.
Casting: Magic Dart (safe; 0% risk of failure)
Confirm with . or Enter, or press ? or * to list all spells.
You erupt in a blast of force!
The mystic blast hits the deep elf sorcerer!
The deep elf sorcerer is knocked back by the mystic blast.
Your battlesphere fires!
The barrage of energy hits the deep elf sorcerer. 😱 HP[+1] MP[-4]
You lost 4 mp, and now have 0/39 mp.
Aiming: Paralyse
Press: ? - help, Shift-Dir - straight line, f/p - deep elf sorcerer
Aim: a deep elf sorcerer, wielding a +4 morningstar of protection, wearing a +0 scale mail, wearing the +3 warlock's mirror {reflect} and wearing an uncursed ring of wizardry (heavily wounded, fast, chance to affect: 4%)
Okay, then.
Aiming: Enslavement
Press: ? - help, Shift-Dir - straight line, f/p - deep elf sorcerer
Aim: a deep elf sorcerer, wielding a +4 morningstar of protection, wearing a +0 scale mail, wearing the +3 warlock's mirror {reflect} and wearing an uncursed ring of wizardry (heavily wounded, fast, chance to affect: 4%)
Okay, then.
Aiming: Disintegrate
Press: ? - help, Shift-Dir - straight line, f/p - deep elf sorcerer
Aim: a deep elf sorcerer, wielding a +4 morningstar of protection, wearing a +0 scale mail, wearing the +3 warlock's mirror {reflect} and wearing an uncursed ring of wizardry (heavily wounded, fast, chance to affect: 19%)
Okay, then.
As you read the scroll of fog, it crumbles to dust.
The scroll dissolves into smoke.
A deep elf sorcerer comes into view.
It is wielding a +0 short sword. 😱 MP[+1]
Aiming: Iceblast
Press: ? - help, Shift-Dir - straight line, f/p - deep elf sorcerer
Aim: a deep elf sorcerer, wielding a +4 morningstar of protection, wearing a +0 scale mail, wearing the +3 warlock's mirror {reflect} and wearing an uncursed ring of wizardry (grey smoke, heavily wounded, fast)
The mass of ice explodes!
The iceblast engulfs the deep elf sorcerer!!
Aiming: Corrosive Bolt
Press: ? - help, Shift-Dir - straight line, f/p - deep elf sorcerer
Aim: a deep elf sorcerer, wielding a +4 morningstar of protection, wearing a +0 scale mail, wearing the +3 warlock's mirror {reflect} and wearing an uncursed ring of wizardry (grey smoke, almost dead, fast, 30% to evade)
The bolt of acid hits the deep elf sorcerer!!
The deep elf sorcerer is splashed with acid.
The acid corrodes the deep elf sorcerer!
You kill the deep elf sorcerer!
Vehumet accepts your kill.
You feel your power returning. 😱 HP[+1] MP[+6]
You regained 6 mp, and now have 7/39 mp. 😱 MP[+1]
There is an open door here. 😱 HP[+1] 😱 MP[+1]
The deep elf sorcerer mumbles some strange words.
The deep elf sorcerer glows brightly for a moment.
The deep elf sorcerer gestures at you while chanting.
The bolt of acid hits your battlesphere!
The deep elf sorcerer mumbles some strange words.
The deep elf sorcerer seems to speed up. 😱 HP[+1]
There is an open door here. 😱 MP[+1]
Something is blocking the doorway! 😱 HP[+1]
You see here a hunting sling.
Aiming: Corrosive Bolt
Press: ? - help, Shift-Dir - straight line, f - deep elf sorcerer
Aim: a deep elf sorcerer, wielding a +0 short sword (fast, 33% to evade)
The bolt of acid misses the deep elf sorcerer.
The deep elf sorcerer points at you and mumbles some strange words.
The bolt of acid hits your battlesphere!
The bolt of acid hits you. You resist.
* * * LOW HITPOINT WARNING * * *
You are splashed with acid.
You resist.
* * * LOW HITPOINT WARNING * * *
😱 HP[-10]
You take 10 damage, and now have 5/121 hp.
Really read
w - a scroll of blinking {!r}?
Blink to where?
Press: ? - help, Dir - move target, p - deep elf sorcerer
As you read the scroll of blinking {!r}, it crumbles to dust. 😱 HP[+1] MP[+1]
There is an open door here. 😱 HP[+1] 😱 MP[+1]
Something is blocking the doorway!
You see here a war axe.
There is an open door here. 😱 HP[+1]
There is an open translucent door here. 😱 MP[+1]
There is an open door here. 😱 HP[+1] 😱 MP[+1]
The deep elf sorcerer points at you and mumbles some strange words.
The sphere of damnation explodes!
The damnation engulfs your battlesphere!!
Your battlesphere is destroyed!
The damnation engulfs you!!
You die...

Skill      XL: |  1  2  3  4  5  6  7  8  9 10 11 12 13 14 15 16 17 18 19 |
---------------+----------------------------------------------------------+-----
Conjurations   | 5 7 8 10 11 12 13 14 15 16 | 16.4
Translocations | 2 7 8 9 |  9.0
Spellcasting   | 4 6 7 8 9 10 11 12 13 14 | 14.6
Fighting       | 3 4 5 6 7 8 9 |  9.5
Staves         | 3 4 5 6 7 8 9 10 | 10.5
Dodging        | 5 6 7 8 9 10 11 12 13 | 13.4
Evocations     | 4 5 6 7 8 9 10 11 12 | 12.2
Armour         | 2 4 5 6 9 10 11 | 11.6
Fire Magic     | 1 2 3 4 6 7 8 10 11 12 | 12.4
Earth Magic    | 1 3 4 5 6 7 8 |  8.7
Shields        | 1 3 4 6 7 9 10 12 | 12.8
Poison Magic   | 1 |  1.5
Air Magic      | 1 |  1.2
Necromancy     | 3 4 6 7 |  7.9
Summonings     | 1 3 |  3.7
Stealth        | |  2.4

Action                   |  1- 3 |  4- 6 |  7- 9 | 10-12 | 13-15 | 16-18 | 19-21 || total
-------------------------+-------+-------+-------+-------+-------+-------+-------++-------
Melee: Unarmed           |       |    22 |       |       |       |       |       ||    22
       Quarterstaff      |       |       |    11 |    37 |       |       |       ||    48
       Staff             |       |       |     1 |    10 |   114 |    60 |    13 ||   198
       Dagger            |       |       |       |     6 |       |       |       ||     6
Throw: Dart              |       |       |       |     2 |       |       |       ||     2
 Cast: Magic Dart        |    53 |    77 |   154 |   389 |   617 |   719 |   180 ||  2189
       Searing Ray       |     2 |    16 |    33 |   170 |    44 |       |       ||   265
       Foxfire           |       |       |    36 |    16 |     1 |       |       ||    53
       Mephitic Cloud    |       |       |       |    15 |     6 |     1 |       ||    22
       Iskenderun's Myst |       |       |       |    38 |    73 |   136 |    24 ||   271
       Stone Arrow       |       |       |       |    11 |    12 |     6 |       ||    29
       Lee's Rapid Decon |       |       |       |     5 |    19 |    10 |       ||    34
       Bolt of Magma     |       |       |       |    19 |   235 |   154 |    16 ||   424
       Blink             |       |       |       |       |     6 |     3 |       ||     9
       Fireball          |       |       |       |       |    33 |    52 |     6 ||    91
       Sublimation of Bl |       |       |       |       |     9 |     2 |       ||    11
       Iskenderun's Batt |       |       |       |       |    37 |   154 |    44 ||   235
       Spellforged Servi |       |       |       |       |       |     1 |     4 ||     5
Evoke: Wand              |       |       |       |       |    19 |     3 |     3 ||    25
       Condenser vane    |       |       |       |       |     1 |       |       ||     1
  Use: Scroll            |       |       |    15 |    10 |    23 |    13 |     4 ||    65
       Potion            |       |       |     3 |     3 |     9 |     4 |       ||    19
 Stab: Confused          |       |       |       |     1 |       |       |       ||     1
       Sleeping          |       |       |       |       |     1 |       |       ||     1
Armor: Robe              |       |     4 |    20 |    16 |       |       |       ||    40
       Skin              |       |     2 |       |       |       |       |       ||     2
       Steam dragon scal |       |       |       |    48 |    64 |       |       ||   112
       Leather armour    |       |       |       |       |    12 |    61 |     7 ||    80
Dodge: Dodged            |     5 |    17 |    58 |   208 |   155 |   153 |    13 ||   609
Block: Buckler           |       |       |       |     1 |    59 |    72 |    30 ||   162
       Reflection        |       |       |       |       |       |     9 |    12 ||    21

Levels and vault maps discovered:
D:1:      lemuel_arrival_hallway, layout_rooms, item_on_display_a
D:2:      layout_rooms, general_overflow_altar, minmay_box_of_dots,
          uniq_sigmund, uniq_crazy_yiuf_cottage
D:3:      layout_loops_ring, lemuel_coloured_pillars_altar,
          minmay_randomly_rotated_circles, uniq_robin, uniq_natasha, uniq_ijyb
D:4:      layout_gridville, fiery_altar_vehumet, marbit_many_paths,
          lemuel_doored_altar
D:5:      layout_rooms, overflow_temple_1_default,
          amethyst_overflow_temple_binary, minmay_temple_entry_fiery,
          gammafunk_ghost_mausoleum, enter_ossuary_3
D:6:      layout_gridville, serial_shops, shop_fountains
D:7:      layout_basic, uniq_pikel
D:8:      layout_basic, xom_teletrap_fun, lair_entry_dummy, serial_bayou_pond_b
D:9:      layout_basic, erik_orc_3, st_stairs_9
D:10:     layout_long_grid
D:11:     layout_basic, gammafunk_ghost_hydra_chop, enter_trove_2,
          doesnt_shop_hydraphobe
D:12:     layout_stronghold, serial_shops, shop, shop, shop, enter_bailey_3,
          hangedman_feature_mirror
D:13:     layout_stronghold, hangedman_vaults_entry_quadrant_bands,
          serial_shops, shop_fountains
D:14:     layout_long_grid, serial_shops, shop, kennysheep_mini, shop,
          nicolae_shop_temple_entry_statues_fountains, nicolae_shop_waterfront,
          amethyst_killhole, serial_bayou_lake_a
D:15:     grunt_enter_depths_hoard, layout_irregular_city,
          minmay_large_rounded_square, uniq_jorgrun
Lair:1:   layout_regular_city, tgw_fedhas, grunt_megastairs_1
Lair:2:   layout_loops_ring, enter_volcano_3, serial_bayou_lagoon_a,
          chequers_serial_rivers_micro_c
Lair:3:   layout_loops_ring, spider_nest_entry_web_field,
          portal_ice_cave_entry_pillars_1, serial_bayou_pond_a,
          kennysheep_catoblepas_arena, lemuel_fruit_fields
Lair:4:   layout_cave_pods, minmay_shoals_entry_lonely_mermaid,
          zaba_antful_of_joy
Lair:5:   layout_cave_pods, slime_altar_1, st_stairs_8, grunt_megastairs_5
Lair:6:   wormcave, layout_regular_city, guppyfry_lair_end_dragon, worms_lemuel,
          lemuel_fruit_fields, grunt_megastairs_3, lemuel_fruit_fields
Shoals:1: layout_shoals, uniq_kirke
Shoals:2: layout_shoals, nicolae_shoals_hunting_party
Shoals:3: layout_shoals, nicolae_shoals_dead_sea_scrolls, uniq_polyphemus
Shoals:4: shoals_end_grunt_ice, layout_shoals, uniq_bai_suzhen
Spider:1: layout_spider_delve
Spider:2: layout_chambers, hive_lemuel
Spider:3: nicolae_spider_corner, nicolae_spider_shape
Spider:4: guppyfry_spider_rune
Orc:1:    layout_diamond_mine, lightli_church_of_beogh, uniq_urug
Orc:2:    st_orc_pillars, layout_caves, basic_altar, uniq_azrael
Elf:1:    eino_elf_arrival_altar, layout_loops_ring, serial_shops,
          nicolae_shop_trees, minmay_elf_demonology
Elf:2:    layout_geoelf_octagon, gammafunk_ghost_grave
Elf:3:    minmay_elf_hall_furrowed, layout_geoelf_castle

Notes
Turn   | Place    | Note
-------+----------+-------------------------------------------
     0 | D:1      | phalm the Deep Elf Conjurer began the quest for the Orb.
     0 | D:1      | Reached XP level 1. HP: 10/10 MP: 6/6
     0 | D:1      | magus.rc [v1.9.10]
   201 | D:1      | Reached XP level 2. HP: 15/15 MP: 6/8
   204 | D:1      | Learned a level 2 spell: Searing Ray
   265 | D:1      | Reached skill level 5 in Conjurations
   770 | D:2      | Reached XP level 3. HP: 19/19 MP: 3/9
   906 | D:2      | Noticed Sigmund
   964 | D:2      | Killed Sigmund
   965 | D:2      | Reached skill level 7 in Conjurations
   965 | D:2      | Reached XP level 4. HP: 24/24 MP: 0/10
   965 | D:2      | Reached XP level 5. HP: 28/28 MP: 0/11
  1114 | D:2      | Found a runed translucent door.
  1115 | D:2      | Noticed Crazy Yiuf
  1168 | D:2      | Killed Crazy Yiuf
  1302 | D:2      | Learned a level 4 spell: Iskenderun's Mystic Blast
  1426 | D:2      | Found a basalt altar of Yredelemnul.
  1928 | D:3      | Noticed an orc warrior
  2055 | D:3      | Reached XP level 6. HP: 32/32 MP: 3/12
  2201 | D:3      | Noticed Ijyb
  2231 | D:3      | Killed Ijyb
  2232 | D:3      | Reached skill level 1 in Translocations
  2405 | D:3      | Noticed Natasha
  2413 | D:3      | Killed Natasha
  2490 | D:3      | Reached skill level 8 in Conjurations
  2631 | D:3      | Reached skill level 2 in Translocations
  2971 | D:3      | Found an ornate altar of the Wu Jian Council.
  3077 | D:3      | Killed an orc warrior
  3078 | D:3      | Reached skill level 4 in Spellcasting
  3078 | D:3      | Reached XP level 7. HP: 27/36 MP: 2/15
  3234 | D:3      | Noticed Natasha
  3235 | D:3      | Noticed Robin
  3237 | D:3      | Killed Natasha
  3238 | D:3      | Reached skill level 3 in Translocations
  3241 | D:3      | Killed Robin
  3840 | D:3      | Noticed Natasha
  3842 | D:3      | Killed Natasha
  3905 | D:4      | Identified 2 potions of experience
  3909 | D:4      | Gained mutation: Scrolls take you a little longer to read.
                  | [potion of mutation]
  3909 | D:4      | Gained mutation: You are robust. (+10% HP) [potion of
                  | mutation]
  3909 | D:4      | Lost mutation: Scrolls take you a little longer to read.
                  | [potion of mutation]
  3910 | D:4      | Reached skill level 3 in Fighting
  3910 | D:4      | Reached skill level 3 in Staves
  3910 | D:4      | Reached skill level 5 in Dodging
  3910 | D:4      | Reached skill level 6 in Spellcasting
  3910 | D:4      | Reached skill level 10 in Conjurations
  3910 | D:4      | Reached skill level 7 in Translocations
  3910 | D:4      | Reached skill level 4 in Evocations
  3910 | D:4      | Reached XP level 8. HP: 47/50 MP: 15/20
  3911 | D:4      | Reached skill level 4 in Fighting
  3911 | D:4      | Reached skill level 4 in Staves
  3911 | D:4      | Reached skill level 2 in Armour
  3911 | D:4      | Reached skill level 6 in Dodging
  3911 | D:4      | Reached skill level 7 in Spellcasting
  3911 | D:4      | Reached skill level 11 in Conjurations
  3911 | D:4      | Reached skill level 8 in Translocations
  3911 | D:4      | Reached skill level 5 in Evocations
  3911 | D:4      | Reached XP level 9. HP: 53/57 MP: 15/22
  4137 | D:4      | Found a snail-covered altar of Cheibriados.
  4237 | D:4      | Found a shadowy altar of Dithmenos.
  4465 | D:4      | Found a radiant altar of Vehumet.
  4474 | D:4      | Became a worshipper of Vehumet
  4776 | D:4      | You pick up a book of Callings and begin reading...
  4776 | D:4      | You add the spells Summon Small Mammal, Call Imp, Call
                  | Canine Familiar, Summon Guardian Golem, Summon Lightning
                  | Spire and Summon Ice Beast to your library.
  4894 | D:5      | Entered Level 5 of the Dungeon
  4899 | D:5      | Found a sand-covered staircase.
  4969 | Ossuary  | Entered an ossuary
  4985 | Ossuary  | Reached skill level 8 in Spellcasting
  5520 | Ossuary  | Reached * piety under Vehumet
  5520 | Ossuary  | Offered knowledge of Foxfire by Vehumet.
  5523 | Ossuary  | Learned a level 1 spell: Foxfire
  5864 | D:5      | Identified the +3 war axe "Newtbane" {flame, Str+8}
  6150 | D:5      | Found a transporter.
  6151 | D:5      | Noticed CabbageHands's ghost (weakling HODe)
  6161 | D:5      | Found a transporter.
  6248 | D:5      | Reached skill level 5 in Staves
  6249 | D:5      | Killed CabbageHands's ghost
  6613 | D:5      | Found a staircase to the Ecumenical Temple.
  6679 | D:5      | Found a hazy altar of Hepliaklqana.
  6745 | D:5      | Found a white marble altar of Elyvilon.
  6745 | D:5      | Found an opulent altar of Gozag.
  6974 | D:6      | Found Niha Awo's Assorted Antiques.
  6981 | D:6      | Bought a scroll of identify for 42 gold pieces
  7570 | D:6      | Offered knowledge of Freeze by Vehumet.
  7585 | D:6      | Reached ** piety under Vehumet
  7633 | D:6      | Reached skill level 1 in Fire Magic
  8005 | D:7      | Reached XP level 10. HP: 62/62 MP: 18/24
  8380 | D:7      | Noticed Pikel
  8386 | D:7      | Killed Pikel
  8621 | D:7      | Offered knowledge of Stone Arrow by Vehumet.
  8626 | D:7      | Learned a level 3 spell: Stone Arrow
  9090 | D:8      | Found a shimmering altar of Xom.
  9619 | D:8      | Reached *** piety under Vehumet
  9747 | D:8      | Found a staircase to the Lair.
 10220 | Lair:1   | Entered Level 1 of the Lair of Beasts
 10242 | Lair:1   | Noticed a cane toad
 10244 | Lair:1   | Noticed a cane toad
 10419 | D:9      | Reached skill level 7 in Dodging
 10419 | D:9      | Reached skill level 9 in Translocations
 10419 | D:9      | Reached skill level 2 in Fire Magic
 10478 | D:9      | Reached skill level 1 in Earth Magic
 10719 | D:9      | Reached skill level 6 in Evocations
 10728 | D:9      | Offered knowledge of Mephitic Cloud by Vehumet.
 10733 | D:9      | Learned a level 3 spell: Mephitic Cloud
 10895 | D:9      | Found a staircase to the Orcish Mines.
 10945 | D:9      | Noticed a two-headed ogre
 10951 | D:9      | Killed a two-headed ogre
 10952 | D:9      | Reached skill level 1 in Shields
 10952 | D:9      | Reached skill level 12 in Conjurations
 11059 | D:9      | Reached skill level 1 in Poison Magic
 11519 | D:9      | You pick up a book of Minor Magic and begin reading...
 11519 | D:9      | You add the spells Blink, Slow and Conjure Flame to your
                  | library.
 11523 | D:9      | Learned a level 2 spell: Blink
 11748 | D:9      | Reached skill level 1 in Air Magic
 11758 | D:9      | Reached XP level 11. HP: 68/68 MP: 17/25
 11805 | D:9      | Reached **** piety under Vehumet
 11830 | D:9      | Got a brightly glowing dagger
 12011 | D:9      | Identified the cursed +1 dagger of Corruption {holy, *Rage
                  | +Rage rF+ rN+} (You found it on level 9 of the Dungeon)
 12264 | D:10     | Entered Level 10 of the Dungeon
 12641 | D:10     | Offered knowledge of Lee's Rapid Deconstruction by Vehumet.
 12812 | D:10     | You pick up a book of Frost and begin reading...
 12812 | D:10     | You add the spells Freeze, Frozen Ramparts, Ozocubu's
                  | Armour and Hailstorm to your library.
 13258 | D:10     | Reached skill level 2 in Shields
 13475 | D:11     | Learned a level 5 spell: Lee's Rapid Deconstruction
 13516 | D:11     | Found a portal to a secret trove of treasure.
 13523 | D:11     | This trove needs 11 potions of heal wounds to function.
                  | Give it the items?
 13815 | D:11     | You pick up a book of Clouds and begin reading...
 13815 | D:11     | You add the spells Poisonous Vapours and Freezing Cloud to
                  | your library.
 13828 | D:11     | Noticed a white ugly thing
 13835 | D:11     | HP: 17/68 [white ugly thing (35)]
 13836 | D:11     | Killed a white ugly thing
 13837 | D:11     | Reached skill level 9 in Spellcasting
 14103 | D:11     | Reached skill level 2 in Earth Magic
 14141 | D:11     | Killed an unseen horror
 14221 | D:11     | Found a runed translucent gate.
 14249 | D:11     | Found a runed translucent gate.
 14249 | D:11     | Found a runed translucent gate.
 14254 | D:11     | Noticed a nine-headed hydra
 14254 | D:11     | Noticed Hudbad's ghost (journeyman DDFi)
 14310 | D:11     | Found Syedoism's Hydra Hut.
 14314 | D:11     | Noticed a six-headed hydra
 14333 | D:11     | Noticed a catoblepas
 14350 | D:11     | Killed a catoblepas
 14351 | D:11     | Reached skill level 5 in Fighting
 14351 | D:11     | Reached skill level 3 in Fire Magic
 14869 | D:11     | Noticed a six-headed hydra
 14881 | D:11     | Killed a six-headed hydra
 14882 | D:11     | Reached skill level 3 in Shields
 15292 | D:12     | Noticed a four-headed hydra
 15293 | D:12     | Found a flagged portal.
 15303 | D:12     | Killed a four-headed hydra
 15378 | Bailey   | Entered a bailey
 15411 | Bailey   | Reached ***** piety under Vehumet
 15420 | Bailey   | Offered knowledge of Bolt of Magma by Vehumet.
 15431 | Bailey   | Learned a level 5 spell: Bolt of Magma
 15783 | Bailey   | Reached skill level 8 in Dodging
 15783 | Bailey   | Reached skill level 3 in Earth Magic
 16516 | Bailey   | Reached XP level 12. HP: 72/74 MP: 24/27
 17114 | D:12     | Reached skill level 7 in Evocations
 17358 | D:12     | Found a bloodstained altar of Trog.
 17363 | D:12     | HP: 4/74 [efreet/fireball (19)]
 17492 | D:12     | Found Houbieg's Gadget Boutique.
 17784 | D:12     | Reached skill level 4 in Fire Magic
 17798 | D:12     | Reached skill level 4 in Shields
 17958 | D:12     | Reached skill level 13 in Conjurations
 18034 | D:12     | Found a shimmering altar of Xom.
 18045 | D:12     | You pick up a book of Geomancy and begin reading...
 18045 | D:12     | You add the spells Sandblast, Passwall and Petrify to your
                  | library.
 18179 | D:12     | Reached skill level 3 in Armour
 18330 | D:12     | Found Dosasu's Armour Shop.
 18338 | D:12     | Bought the +0 pair of boots "Jomica" {rC+++ rCorr Int+4
                  | Dex-5} for 850 gold pieces
 18372 | D:12     | Offered knowledge of Starburst by Vehumet.
 18484 | D:12     | Found Neeraodo's General Store.
 18526 | D:12     | Noticed a centaur warrior
 18532 | D:12     | Killed a centaur warrior
 18533 | D:12     | Reached skill level 10 in Spellcasting
 18533 | D:12     | Reached skill level 4 in Earth Magic
 18579 | D:12     | Noticed a six-headed hydra
 19091 | D:12     | Killed a six-headed hydra
 19494 | Orc:1    | Entered Level 1 of the Orcish Mines
 19503 | Orc:1    | Noticed Urug
 19863 | Lair:1   | Noticed a five-headed hydra
 19874 | Lair:1   | Noticed an eight-headed hydra
 19890 | Lair:1   | Killed a five-headed hydra
 20554 | Lair:1   | Killed an eight-headed hydra
 20555 | Lair:1   | Reached skill level 4 in Armour
 20589 | Lair:1   | Found a blossoming altar of Fedhas.
 20626 | Lair:1   | Reached XP level 13. HP: 81/81 MP: 18/29
 20751 | Lair:1   | You pick up a book of Maledictions and begin reading...
 20751 | Lair:1   | You add the spells Corona, Ensorcelled Hibernation,
                  | Confusing Touch and Tukima's Dance to your library.
 20815 | Lair:1   | You pick up a book of Power and begin reading...
 20815 | Lair:1   | You add the spells Iskenderun's Battlesphere, Iron Shot,
                  | Orb of Destruction and Spellforged Servitor to your
                  | library.
 20918 | Lair:1   | Got a smoking quarterstaff
 21248 | Lair:2   | Reached skill level 5 in Fire Magic
 21278 | Lair:2   | Reached skill level 5 in Shields
 21442 | Lair:2   | Found a dark tunnel.
 21484 | Volcano  | Entered a volcano
 21496 | Volcano  | Reached skill level 9 in Dodging
 21509 | Volcano  | Reached skill level 6 in Fighting
 22372 | Lair:2   | Reached skill level 8 in Evocations
 22589 | Lair:2   | Reached skill level 5 in Earth Magic
 22875 | Lair:3   | Found a frozen archway.
 22884 | IceCv    | Entered an ice cave
 23270 | IceCv    | Got jewelled ice dragon scales
 23274 | IceCv    | Identified the Reference Book on Dislocation
 23275 | IceCv    | You add the spells Apportation, Lesser Beckoning, Dispersal
                  | and Disjunction to your library.
 23286 | IceCv    | Identified the +4 ice dragon scales "Wibbej" {rPois rF-
                  | rC++ rN+} (You found it in an ice cave)
 23679 | Lair:3   | You pick up a book of Maledictions and begin reading...
 23689 | Lair:3   | Reached skill level 5 in Armour
 23693 | Lair:3   | Reached skill level 6 in Staves
 23906 | Lair:3   | Lost strength.
 24010 | Lair:3   | You pick up a book of Minor Magic and begin reading...
 24309 | Lair:3   | Offered knowledge of Eringya's Noxious Bog by Vehumet.
 24310 | Lair:3   | Reached skill level 6 in Shields
 24462 | Lair:3   | Found a hole to the Spider Nest.
 24771 | Lair:4   | Reached skill level 14 in Conjurations
 24998 | Lair:4   | Identified a scroll of acquirement
 24999 | Lair:4   | Acquired 630 gold pieces
 25030 | Lair:4   | Reached skill level 6 in Fire Magic
 25674 | Lair:4   | Reached XP level 14. HP: 88/88 MP: 17/30
 25846 | Lair:4   | You pick up a book of Changes and begin reading...
 25846 | Lair:4   | You add the spells Beastly Appendage, Wereblood, Spider
                  | Form, Ice Form and Blade Hands to your library.
 26051 | Lair:4   | Reached skill level 11 in Spellcasting
 26163 | Lair:4   | HP: 20/88 [poisoned by a queen ant]
 26426 | Lair:4   | Found a staircase to the Shoals.
 26846 | Lair:4   | Reached skill level 6 in Earth Magic
 27004 | Lair:4   | You pick up a book of Death and begin reading...
 27004 | Lair:4   | You add the spells Corpse Rot, Sublimation of Blood, Dispel
                  | Undead, Agony and Excruciating Wounds to your library.
 27008 | Lair:4   | Learned a level 2 spell: Sublimation of Blood
 27680 | Lair:5   | Reached skill level 6 in Armour
 27771 | Lair:5   | Reached skill level 1 in Necromancy
 27996 | Lair:5   | Reached skill level 10 in Dodging
 28131 | Lair:5   | Found a viscous altar of Jiyva.
 28135 | Lair:5   | Found a staircase to the Slime Pits.
 28430 | Lair:5   | Offered knowledge of Ozocubu's Refrigeration by Vehumet.
 28431 | Lair:5   | Reached skill level 2 in Necromancy
 28445 | Lair:5   | Reached skill level 9 in Evocations
 29018 | Lair:5   | Reached skill level 7 in Shields
 29143 | Lair:6   | Entered Level 6 of the Lair of Beasts
 29583 | Lair:6   | You pick up a book of Minor Magic and begin reading...
 29786 | Lair:6   | Found a runed translucent door.
 30177 | Lair:6   | HP: 13/88 [swamp worm/harpoon shot (11)]
 30182 | Lair:6   | HP: 3/88 [swamp worm/harpoon shot (11)]
 30222 | Lair:6   | Reached skill level 7 in Staves
 31216 | Lair:6   | Reached skill level 7 in Fire Magic
 31343 | Lair:6   | Reached skill level 7 in Fighting
 31392 | Lair:6   | Reached skill level 3 in Necromancy
 31459 | Lair:6   | Offered knowledge of Fireball by Vehumet.
 31466 | Lair:6   | Learned a level 5 spell: Fireball
 31603 | Lair:6   | Reached XP level 15. HP: 90/94 MP: 16/32
 31754 | Lair:6   | HP: 13/94 [fire dragon (11)]
 32199 | Orc:1    | Killed Urug
 32200 | Orc:1    | Reached skill level 7 in Armour
 32317 | Orc:1    | Found a runed translucent door.
 32390 | Orc:1    | magus.rc [v1.9.10]
 33095 | Orc:1    | Found a roughly hewn altar of Beogh.
 33102 | Orc:1    | You pick up a book of Transfigurations and begin reading...
 33102 | Orc:1    | You add the spells Irradiate, Statue Form, Hydra Form and
                  | Dragon Form to your library.
 33158 | Orc:2    | Entered Level 2 of the Orcish Mines
 33581 | Orc:2    | Found a staircase to the Elven Halls.
 33623 | Orc:2    | Found a roughly hewn altar of Beogh.
 33678 | Orc:2    | Noticed an orc warlord
 33687 | Orc:2    | Killed an orc warlord
 33805 | Orc:2    | Reached skill level 7 in Earth Magic
 34173 | Orc:2    | Noticed Azrael
 34178 | Orc:2    | Killed Azrael
 34179 | Orc:2    | Reached skill level 8 in Shields
 34938 | Orc:2    | Offered knowledge of Yara's Violent Unravelling by Vehumet.
 35267 | Orc:2    | Found Essu's Magic Scroll Emporium.
 35270 | Orc:2    | Found Niemepru's Distillery.
 35273 | Orc:2    | Found Igatel's Magic Scroll Emporium.
 35274 | Orc:2    | Found Zivvuaffi's Assorted Antiques.
 35277 | Orc:2    | Bought a scroll of identify for 56 gold pieces
 35278 | Orc:2    | Bought 3 scrolls of identify for 84 gold pieces
 35293 | Orc:2    | Bought a scroll of acquirement for 728 gold pieces
 35293 | Orc:2    | Bought a scroll of identify for 28 gold pieces
 35293 | Orc:2    | Bought a scroll of identify for 28 gold pieces
 35293 | Orc:2    | Bought a scroll of identify for 28 gold pieces
 35294 | Orc:2    | Acquired the +0 cloak "Ylerhiac" {rF+ Str+4}
 35452 | D:12     | Bought the +0 mask of the Dragon {Will+ Slay+3 SInv} for
                  | 567 gold pieces
 35452 | D:12     | Found the +0 mask of the Dragon {Will+ Slay+3 SInv}
 35660 | D:13     | Reached skill level 4 in Necromancy
 35739 | D:13     | You pick up a book of the Sky and begin reading...
 35739 | D:13     | You add the spells Silence, Conjure Ball Lightning and
                  | Tornado to your library.
 35747 | D:13     | Reached skill level 8 in Armour
 35753 | D:13     | Learned a level 5 spell: Iskenderun's Battlesphere
 35852 | D:13     | Found Duho's Gadget Shop.
 36180 | D:13     | Reached skill level 12 in Spellcasting
 36812 | D:13     | Reached ****** piety under Vehumet
 36829 | D:13     | Identified the +5 shortbow of Dishonesty {vorpal, rElec}
 37082 | D:13     | Found a gate to the Vaults.
 37167 | D:13     | Offered knowledge of Chain Lightning by Vehumet.
 37251 | D:13     | Got a faintly glowing leather armour
 37262 | D:13     | Identified the cursed +1 leather armour of Mutualism {+Inv
                  | rC- rCorr Str-4} (You found it on level 13 of the Dungeon)
 37922 | D:14     | Found Nyudu's Antique Weapon Emporium.
 37986 | D:14     | Reached skill level 9 in Shields
 38784 | D:14     | Reached skill level 15 in Conjurations
 38952 | D:14     | Found Itinn's Antique Weapon Shoppe.
 38957 | D:14     | You pick up a book of the Tempests and begin reading...
 38957 | D:14     | You add the spells Static Discharge, Lightning Bolt,
                  | Ignition and Shatter to your library.
 39017 | D:14     | Found Ycvuifug's Assorted Antiques.
 39020 | D:14     | Bought a potion of heal wounds for 135 gold pieces
 39106 | D:14     | Found Lanunk's General Store.
 39313 | D:14     | Found Nish's Antique Weapon Shop.
 39392 | D:15     | Entered Level 15 of the Dungeon
 39414 | D:15     | Reached skill level 9 in Armour
 39656 | D:15     | Reached XP level 16. HP: 92/101 MP: 29/34
 39971 | D:15     | Reached skill level 8 in Fire Magic
 39973 | D:15     | Reached skill level 11 in Dodging
 39974 | D:15     | Reached skill level 5 in Necromancy
 40331 | D:15     | Noticed Jorgrun
 40334 | D:15     | Reached skill level 8 in Staves
 40339 | D:15     | Reached skill level 10 in Evocations
 40339 | D:15     | Offered knowledge of Lehudib's Crystal Spear by Vehumet.
 40339 | D:15     | Offered knowledge of Fire Storm by Vehumet.
 40339 | D:15     | Offered knowledge of Absolute Zero by Vehumet.
 40342 | D:15     | HP: 23/101 [Jorgrun/+0 vorpal quarterstaff (10)]
 40380 | D:15     | HP: 25/101 [red ugly thing (8)]
 40381 | D:15     | HP: 12/101 [red ugly thing (7)]
 40898 | D:15     | Killed Jorgrun
 41449 | D:15     | Reached skill level 10 in Shields
 41593 | D:15     | Found a staircase to the Depths.
 41879 | Shoals:1 | Entered Level 1 of the Shoals
 42518 | Shoals:1 | Noticed Kirke
 42524 | Shoals:1 | Reached skill level 10 in Armour
 42525 | Shoals:1 | Killed Kirke
 43637 | Shoals:2 | You pick up a book of Clouds and begin reading...
 43648 | Shoals:2 | HP: 19/101 [merfolk/boomerang (8)]
 43654 | Shoals:2 | HP: 15/101 [merfolk/boomerang (4)]
 43678 | Shoals:2 | Noticed a kraken
 44207 | Shoals:2 | Noticed a kraken
 44231 | Shoals:2 | Killed a kraken
 44364 | Shoals:2 | Reached skill level 6 in Necromancy
 45240 | Shoals:2 | Killed a kraken
 45692 | Shoals:3 | Reached skill level 8 in Fighting
 46328 | Shoals:3 | Noticed Polyphemus
 46338 | Shoals:3 | Reached XP level 17. HP: 47/106 MP: 14/35
 46341 | Shoals:3 | HP: 13/106 [Polyphemus/large rock (35)]
 46704 | Shoals:3 | Reached skill level 11 in Shields
 47388 | Shoals:4 | Entered Level 4 of the Shoals
 47781 | Spider:1 | Entered Level 1 of the Spider Nest
 47805 | Spider:1 | Reached skill level 13 in Spellcasting
 47820 | Spider:1 | Reached skill level 9 in Fire Magic
 47966 | Spider:1 | Reached skill level 11 in Armour
 48035 | Spider:1 | You pick up a book of the Warp and begin reading...
 48035 | Spider:1 | You add the spells Gell's Gravitas and Portal Projectile to
                  | your library.
 49134 | Spider:2 | You pick up a book of Alchemy and begin reading...
 49134 | Spider:2 | You add the spells Ignite Poison, Alistair's Intoxication
                  | and Eringya's Noxious Bog to your library.
 49135 | Spider:2 | Acquired 1074 gold pieces
 50466 | D:13     | Bought a wand of digging (6) for 280 gold pieces
 50658 | D:11     | Killed Hudbad's ghost
 51466 | Spider:2 | You pick up a book of Flames and begin reading...
 51466 | Spider:2 | You add the spells Inner Flame and Sticky Flame to your
                  | library.
 51569 | Spider:3 | Reached skill level 9 in Staves
 51569 | Spider:3 | Reached skill level 7 in Necromancy
 51574 | Spider:3 | Reached skill level 12 in Dodging
 51913 | Spider:3 | Reached skill level 11 in Evocations
 51946 | Spider:2 | HP: 27/108 [poisoned by a redback]
 51951 | Spider:2 | HP: 23/108 [poisoned by a redback]
 51956 | Spider:2 | HP: 22/108 [poisoned by a redback]
 51963 | Spider:2 | HP: 21/108 [poisoned by a redback]
 51970 | Spider:2 | HP: 21/108 [poisoned by a redback]
 51978 | Spider:2 | HP: 21/108 [poisoned by a redback]
 52261 | Spider:3 | Reached skill level 12 in Shields
 52520 | Spider:3 | You pick up a book of Flames and begin reading...
 52948 | Spider:4 | Entered Level 4 of the Spider Nest
 53286 | Spider:4 | Reached skill level 10 in Fire Magic
 53589 | Spider:4 | Reached XP level 18. HP: 107/114 MP: 24/37
 55156 | Spider:4 | Got a gossamer rune of Zot
 55426 | Elf:1    | Entered Level 1 of the Elven Halls
 55628 | Elf:1    | Found a radiant altar of Vehumet.
 56322 | Elf:1    | Identified Ynah's Papyrus of Calling
 56323 | Elf:1    | You add the spells Summon Forest and Summon Hydra to your
                  | library.
 56426 | Elf:1    | Reached skill level 11 in Fire Magic
 56478 | Elf:1    | Reached skill level 16 in Conjurations
 56580 | Elf:1    | Found Ifieh's Gadget Boutique.
 56902 | Elf:1    | Reached skill level 9 in Fighting
 57275 | Elf:3    | Entered Level 3 of the Elven Halls
 57426 | Elf:2    | Found a runed translucent door.
 57428 | Elf:2    | Noticed Kaobra's ghost (adept GnWz)
 57465 | Elf:2    | Killed Kaobra's ghost
 57466 | Elf:2    | Reached skill level 14 in Spellcasting
 57956 | Elf:2    | HP: 17/115 [deep elf archer/arrow (25)]
 58775 | Lair:2   | Learned a level 8 spell: Lehudib's Crystal Spear
 58783 | Lair:2   | Learned a level 7 spell: Spellforged Servitor
 59098 | Shoals:4 | Noticed Bai Suzhen
 59114 | Shoals:4 | Killed Bai Suzhen
 59114 | Shoals:4 | HP: 28/115 [something (4)]
 59115 | Shoals:4 | Reached skill level 1 in Summonings
 59115 | Shoals:4 | Reached skill level 8 in Earth Magic
 59116 | Shoals:4 | Reached skill level 10 in Staves
 59123 | Shoals:4 | Reached skill level 13 in Dodging
 59127 | Shoals:4 | HP: 10/115 [sea snake (21)]
 59132 | Shoals:4 | HP: 28/115 [wind drake/the air (2)]
 59136 | Shoals:4 | HP: 11/115 [sea snake (8)]
 59497 | Shoals:4 | Reached XP level 19. HP: 121/121 MP: 19/39
 59655 | Shoals:4 | Reached skill level 2 in Summonings
 60223 | Shoals:3 | Killed Polyphemus
 60322 | Shoals:4 | You pick up a book of the Tempests and begin reading...
 60358 | Shoals:4 | You pick up a book of Unlife and begin reading...
 60358 | Shoals:4 | You add the spells Animate Dead, Borgnjor's Vile Clutch,
                  | Death Channel and Simulacrum to your library.
 60444 | Shoals:4 | Got a barnacled rune of Zot
 61638 | Elf:2    | Found a runed translucent gate.
 61638 | Elf:2    | Found a runed translucent gate.
 61645 | Elf:2    | Found a runed translucent gate.
 61671 | Elf:2    | Reached skill level 12 in Evocations
 61902 | Elf:2    | Reached skill level 12 in Fire Magic
 62184 | Elf:2    | Reached skill level 3 in Summonings
 63961 | Elf:3    | Noticed a Brimstone Fiend
 64065 | Elf:3    | Aim: a deep elf sorcerer, wielding a +4 morningstar of
                  | protection, wearing a +0 scale mail, wearing the +3
                  | warlock's mirror {reflect} and wearing an uncursed ring of
                  | wizardry (0% to evade)
 64065 | Elf:3    | Aim: a deep elf sorcerer, wielding a +4 morningstar of
                  | protection, wearing a +0 scale mail, wearing the +3
                  | warlock's mirror {reflect} and wearing an uncursed ring of
                  | wizardry (0% to evade)
 64066 | Elf:3    | Aim: a deep elf sorcerer, wielding a +4 morningstar of
                  | protection, wearing a +0 scale mail, wearing the +3
                  | warlock's mirror {reflect} and wearing an uncursed ring of
                  | wizardry (lightly wounded, 0% to evade)
 64066 | Elf:3    | Aim: a deep elf sorcerer, wielding a +4 morningstar of
                  | protection, wearing a +0 scale mail, wearing the +3
                  | warlock's mirror {reflect} and wearing an uncursed ring of
                  | wizardry (lightly wounded, 0% to evade)
 64071 | Elf:3    | Aim: a deep elf sorcerer, wielding a +4 morningstar of
                  | protection, wearing a +0 scale mail, wearing the +3
                  | warlock's mirror {reflect} and wearing an uncursed ring of
                  | wizardry (moderately wounded, fast, 0% to evade)
 64071 | Elf:3    | Aim: a deep elf sorcerer, wielding a +4 morningstar of
                  | protection, wearing a +0 scale mail, wearing the +3
                  | warlock's mirror {reflect} and wearing an uncursed ring of
                  | wizardry (moderately wounded, fast, 0% to evade)
 64071 | Elf:3    | HP: 10/121 [deep elf sorcerer/damnation (42)]
 64073 | Elf:3    | Aim: a deep elf sorcerer, wielding a +4 morningstar of
                  | protection, wearing a +0 scale mail, wearing the +3
                  | warlock's mirror {reflect} and wearing an uncursed ring of
                  | wizardry (heavily wounded, fast, chance to affect: 4%)
 64073 | Elf:3    | Aim: a deep elf sorcerer, wielding a +4 morningstar of
                  | protection, wearing a +0 scale mail, wearing the +3
                  | warlock's mirror {reflect} and wearing an uncursed ring of
                  | wizardry (heavily wounded, fast, chance to affect: 4%)
 64073 | Elf:3    | Aim: a deep elf sorcerer, wielding a +4 morningstar of
                  | protection, wearing a +0 scale mail, wearing the +3
                  | warlock's mirror {reflect} and wearing an uncursed ring of
                  | wizardry (heavily wounded, fast, chance to affect: 4%)
 64073 | Elf:3    | Aim: a deep elf sorcerer, wielding a +4 morningstar of
                  | protection, wearing a +0 scale mail, wearing the +3
                  | warlock's mirror {reflect} and wearing an uncursed ring of
                  | wizardry (heavily wounded, fast, chance to affect: 4%)
 64073 | Elf:3    | Aim: a deep elf sorcerer, wielding a +4 morningstar of
                  | protection, wearing a +0 scale mail, wearing the +3
                  | warlock's mirror {reflect} and wearing an uncursed ring of
                  | wizardry (heavily wounded, fast, chance to affect: 19%)
 64073 | Elf:3    | Aim: a deep elf sorcerer, wielding a +4 morningstar of
                  | protection, wearing a +0 scale mail, wearing the +3
                  | warlock's mirror {reflect} and wearing an uncursed ring of
                  | wizardry (heavily wounded, fast, chance to affect: 19%)
 64075 | Elf:3    | Aim: a deep elf sorcerer, wielding a +4 morningstar of
                  | protection, wearing a +0 scale mail, wearing the +3
                  | warlock's mirror {reflect} and wearing an uncursed ring of
                  | wizardry (grey smoke, heavily wounded, fast)
 64075 | Elf:3    | Aim: a deep elf sorcerer, wielding a +4 morningstar of
                  | protection, wearing a +0 scale mail, wearing the +3
                  | warlock's mirror {reflect} and wearing an uncursed ring of
                  | wizardry (grey smoke, heavily wounded, fast)
 64076 | Elf:3    | Aim: a deep elf sorcerer, wielding a +4 morningstar of
                  | protection, wearing a +0 scale mail, wearing the +3
                  | warlock's mirror {reflect} and wearing an uncursed ring of
                  | wizardry (grey smoke, almost dead, fast, 30% to evade)
 64076 | Elf:3    | Aim: a deep elf sorcerer, wielding a +4 morningstar of
                  | protection, wearing a +0 scale mail, wearing the +3
                  | warlock's mirror {reflect} and wearing an uncursed ring of
                  | wizardry (grey smoke, almost dead, fast, 30% to evade)
 64088 | Elf:3    | HP: 10/121 [deep elf sorcerer/bolt of acid (5)]
 64102 | Elf:3    | Killed from afar by a deep elf sorcerer

Vanquished Creatures
  Bai Suzhen (Shoals:4)
  Jorgrun (D:15)
  The ghost of Kaobra the Tortoise, an adept GnWz of Ashenzari (Elf:2)
  A deep elf blademaster (Elf:3)
  2 deep elf master archers (Elf:3)
  2 krakens (Shoals:2)
  Polyphemus (Shoals:3)
  Kirke (Shoals:1)
  2 deep elf sorcerers (Elf:3)
  A frost giant (Shoals:4)
  An orc warlord (Orc:2)
  3 ghost moths (Spider:4)
  5 emperor scorpions
  A deep elf elementalist (Elf:3)
  2 deep elf demonologists
  A deep elf annihilator (Elf:3)
  7 entropy weavers
  Azrael (Orc:2)
  A spark wasp (Spider:1)
  A deep elf death mage (Elf:1)
  A merfolk javelineer (Shoals:2)
  The ghost of Hudbad the Severer, a journeyman DDFi of Makhleb (D:11)
  2 fire dragons (Lair:6)
  10 merfolk impalers
  14 hydras
  A boulder beetle (shapeshifter) (Elf:1)
  5 boulder beetles
  2 centaur warriors
  2 ice dragons (D:15)
  2 catoblepae
  8 two-headed ogres
  2 alligator snapping turtles
  2 merfolk avatars
  A death knight (D:13)
  3 merfolk aquamancers
  2 ogre magi
  20 dancing weapons
  8 death yaks
  A tengu warrior (D:13)
  A queen ant (Lair:4)
  2 satyrs
  5 orc high priests (Orc:2)
  Urug (Orc:1)
  18 deep elf knights
  A skeletal warrior (D:13)
  14 sea snakes
  3 unseen horrors
  A swamp dragon (Lair:6)
  5 deep elf archers
  2 lindwurms (Lair:6)
  Pikel (D:7)
  13 ugly things
  13 harpies
  7 orc knights
  22 wolf spiders
  20 orb spiders
  51 deep elf magi
  An oklob plant (Lair:1)
  2 orc sorcerers
  14 manticores
  9 fauns
  8 cyclopes
  A moth of wrath (Spider:3)
  9 merfolk sirens
  3 ice statues (IceCv)
  6 centaur skeletons
  A molten gargoyle (Volcano)
  2 water nymphs
  6 torpor snails
  7 gargoyles
  A black mamba (Lair:2)
  16 cane toads
  An efreet (D:12)
  A freezing wraith (D:13)
  3 rime drakes
  A kobold demonologist (D:12)
  12 komodo dragons
  19 demonic crawlers
  5 yaktaurs (D:15)
  17 merfolk
  7 polar bears
  A queen bee (Spider:2)
  A wolf spider simulacrum (D:9)
  3 meliai (D:14)
  21 jumping spiders
  6 trolls
  8 wind drakes
  8 slime creatures
  4 tyrant leeches (Lair:6)
  19 hornets
  17 blink frogs
  12 dream sheep
  5 snapping turtles
  16 water elementals
  Sigmund (D:2)
  2 vampires
  3 air elementals
  3 shadows
  30 tarantellas
  56 redbacks
  65 yaks
  5 wyverns
  2 hogs (Shoals:1)
  5 wraiths
  8 basilisks
  4 steam dragons
  6 fire elementals
  2 vampire mosquitoes (D:15)
  21 soldier ants
  2 wargs
  4 swamp worms (Lair:6)
  2 acid dragons
  4 hell hounds
  13 water moccasins
  5 sky beasts
  A swamp drake (Lair:6)
  2 eyes of draining (D:13)
  10 ice beasts
  42 orc warriors
  3 phantoms
  2 black bears
  A necrophage (D:9)
  5 boggarts
  12 ogres
  18 wolves
  17 centaurs
  3 big kobolds
  16 bullfrogs
  An earth elemental (Elf:2)
  2 wyvern skeletons
  14 scorpions
  12 wights
  27 killer bees
  6 electric eels
  3 bullfrog zombies
  4 howler monkeys
  8 centaur zombies
  A human zombie (Ossuary)
  2 quasits
  5 hounds
  Crazy Yiuf (D:2)
  2 jellies
  30 orc priests
  26 orc wizards
  A bullfrog skeleton (D:11)
  Ijyb (D:3)
  Natasha (thrice) (D:3)
  12 iguanas
  24 worker ants
  7 hell rats (Lair:5)
  A killer bee zombie (D:5)
  A big kobold zombie (Ossuary)
  A hound zombie (D:6)
  2 hound skeletons
  3 mummies (Ossuary)
  Robin (D:3)
  A worker ant zombie (D:11)
  8 gnolls
  3 scorpion zombies (Ossuary)
  8 adders
  A shadow imp (D:5)
  An ufetubus (D:6)
  2 adder zombies
  An adder skeleton (D:6)
  12 worms
  The ghost of CabbageHands the Sneak, a weakling HODe (D:5)
  A dart slug (D:5)
  6 leopard geckos
  101 orcs
  8 bats
  2 giant cockroaches
  A gnoll zombie (D:5)
  11 hobgoblins
  24 jackals
  17 kobolds
  7 quokkas
  3 ball pythons (D:3)
  4 frilled lizards
  A giant cockroach zombie (D:5)
  22 goblins
  A hobgoblin zombie (Ossuary)
  A jackal skeleton (D:8)
  A jackal zombie (D:5)
  A kobold zombie (Ossuary)
  3 orc zombies (Ossuary)
  A quokka skeleton (D:5)
  10 rats
  A bush (Elf:2)
  A butterfly (Lair:5)
  A tentacle (Shoals:2)
1419 creatures vanquished.

Vanquished Creatures (collateral kills)
  A deep elf blademaster (Elf:3)
  A deep elf sorcerer (Elf:3)
  A deep elf death mage (Elf:3)
  A merfolk impaler (Shoals:4)
  A merfolk siren (Shoals:4)
5 creatures vanquished.

Vanquished Creatures (others)
  A deep elf knight (Elf:2)
  A sea snake (Shoals:4)
  A deep elf mage (Elf:1)
  9 bushes
  85 foxfires
  47 fungi
  214 plants
  3 tentacles (Shoals:2)
361 creatures vanquished.

Grand Total: 1785 creatures vanquished

Table legend:
 A = Non-vault XP
 B = Vault XP
 C = Vault XP percentage of total XP
 D = Non-vault monster count
 E = Vault monster count
 F = Vault count percentage of total count
                 A         B        C        D         E       F
            +---------+---------+-------+---------+---------+-------
      Total |  247578 |  189757 |  43.4 |     906 |     518 |  36.4
            +---------+---------+-------+---------+---------+-------
        D:1 |      25 |       0 |   0.0 |      14 |       0 |   0.0
        D:2 |      41 |     269 |  86.8 |      24 |       6 |  20.0
        D:3 |     414 |     132 |  24.2 |      24 |      21 |  46.7
        D:4 |      30 |     129 |  81.1 |      12 |       1 |   7.7
        D:5 |     705 |      70 |   9.0 |      19 |       7 |  26.9
        D:6 |     405 |       0 |   0.0 |      23 |       0 |   0.0
        D:7 |    1037 |     629 |  37.8 |      29 |       1 |   3.3
        D:8 |     661 |     224 |  25.3 |      11 |       3 |  21.4
        D:9 |    2816 |     528 |  15.8 |      25 |      15 |  37.5
       D:10 |    1809 |       0 |   0.0 |      31 |       0 |   0.0
       D:11 |    6372 |    2048 |  24.3 |      33 |       2 |   5.7
       D:12 |   11083 |     578 |   5.0 |      50 |       6 |  10.7
       D:13 |   11743 |    5767 |  32.9 |      39 |      18 |  31.6
       D:14 |    9284 |       0 |   0.0 |      45 |       0 |   0.0
       D:15 |   19890 |    5124 |  20.5 |      43 |       3 |   6.5
     Lair:1 |    4080 |     968 |  19.2 |      11 |       2 |  15.4
     Lair:2 |    6394 |     281 |   4.2 |      21 |       2 |   8.7
     Lair:3 |    8782 |       0 |   0.0 |      35 |       0 |   0.0
     Lair:4 |    6800 |    7289 |  51.7 |      23 |      35 |  60.3
     Lair:5 |   11774 |     637 |   5.1 |      27 |       8 |  22.9
     Lair:6 |    3424 |   15639 |  82.0 |      16 |      52 |  76.5
   Shoals:1 |    9517 |    2302 |  19.5 |      17 |       3 |  15.0
   Shoals:2 |   19907 |    2198 |   9.9 |      33 |       2 |   5.7
   Shoals:3 |    8630 |    5067 |  37.0 |      21 |       4 |  16.0
   Shoals:4 |   14604 |   24061 |  62.2 |      29 |      29 |  50.0
   Spider:1 |   10400 |       0 |   0.0 |      34 |       0 |   0.0
   Spider:2 |   11266 |     964 |   7.9 |      25 |      15 |  37.5
   Spider:3 |   11183 |   17079 |  60.4 |      36 |      39 |  52.0
   Spider:4 |   10726 |   23982 |  69.1 |      30 |      39 |  56.5
      Orc:1 |     984 |    1528 |  60.8 |      14 |      12 |  46.2
      Orc:2 |    5000 |   11724 |  70.1 |      50 |      63 |  55.8
      Elf:1 |   20074 |    8694 |  30.2 |      32 |      14 |  30.4
      Elf:2 |   12124 |   25666 |  67.9 |      20 |      31 |  60.8
      Elf:3 |    5594 |   18592 |  76.9 |      10 |      11 |  52.4
    Ossuary |       0 |     642 | 100.0 |       0 |      20 | 100.0
     Bailey |       0 |    2292 | 100.0 |       0 |      39 | 100.0
      IceCv |       0 |    3230 | 100.0 |       0 |      11 | 100.0
    Volcano |       0 |    1424 | 100.0 |       0 |       4 | 100.0
            +---------+---------+-------+---------+---------+-------

Illustrated notes

Table legend:
 A = Kills in this place as a percentage of kills in entire the game.
 B = Kills by you in this place as a percentage of kills by you in the entire game.
 C = Kills by friends in this place as a percentage of kills by friends in the entire game.
 D = Other kills in this place as a percentage of other kills in the entire game.
 E = Experience gained in this place as a percentage of experience gained in the entire game.
 F = Experience gained in this place divided by the number of levels of this place that you have seen.
                   A       B       C       D       E      F
               +-------+-------+-------+-------+-------+----------------------
         Total | 100.0 | 100.0 | 100.0 | 100.0 | 100.0 | 11508.8
       Dungeon |  35.5 |  35.6 |   0.0 |  37.5 |  18.7 | 5454.2
          Lair |  16.3 |  16.4 |   0.0 |   0.0 |  15.1 | 11011.3
        Shoals |   9.7 |   9.6 |  40.0 |  12.5 |  19.7 | 21571.5
   Spider Nest |  15.3 |  15.5 |   0.0 |   0.0 |  19.6 | 21400.0
  Orcish Mines |   9.8 |   9.7 |   0.0 |  25.0 |   4.4 | 9618.0
   Elven Halls |   8.3 |   8.0 |  60.0 |  25.0 |  20.7 | 30248.0
       Ossuary |   1.4 |   1.4 |   0.0 |   0.0 |   0.1 | 642.0
        Bailey |   2.7 |   2.8 |   0.0 |   0.0 |   0.5 | 2292.0
      Ice Cave |   0.8 |   0.8 |   0.0 |   0.0 |   0.7 | 3230.0
       Volcano |   0.3 |   0.3 |   0.0 |   0.0 |   0.3 | 1424.0
               +-------+-------+-------+-------+-------+----------------------

Table legend: (Time is in decaauts)
 A = Elapsed time spent in this place.
 B = Non-inter-level travel time spent in this place.
 C = Inter-level travel time spent in this place.
 D = Time resting spent in this place.
 E = Time spent auto-exploring this place.
 F = Levels seen in this place.
 G = Mean time per level.
                   A        B        C        D        E       F      G
               +--------+--------+--------+--------+--------+-----+--------+
         Total |  64654 |  60253 |   4401 |   1462 |  50371 |  38 | 1701.4 |
       Dungeon |  24788 |  22691 |   2097 |    329 |  19555 |  15 | 1652.5 |
          Lair |  12523 |  11626 |    897 |    440 |   9786 |   6 | 2087.2 |
        Shoals |   8143 |   7619 |    524 |      0 |   6767 |   4 | 2035.8 |
   Spider Nest |   6576 |   6195 |    381 |      0 |   5314 |   4 | 1644.0 |
  Orcish Mines |   3316 |   3067 |    249 |      0 |   2448 |   2 | 1658.0 |
   Elven Halls |   6031 |   5780 |    251 |    510 |   4268 |   3 | 2010.3 |
       Ossuary |    853 |    853 |      0 |      0 |    675 |   1 |  853.0 |
        Bailey |   1643 |   1643 |      0 |    183 |    981 |   1 | 1643.0 |
      Ice Cave |    460 |    460 |      0 |      0 |    335 |   1 |  460.0 |
       Volcano |    318 |    318 |      0 |      0 |    240 |   1 |  318.0 |
               +--------+--------+--------+--------+--------+-----+--------+

Top non-repeatable levels by time:
  Lair:4: 3175 daAuts
  Lair:6: 2970 daAuts
Shoals:3: 2957 daAuts
Shoals:2: 2680 daAuts
   Elf:2: 2643 daAuts
     D:9: 2494 daAuts
    D:11: 2482 daAuts
Spider:2: 2411 daAuts
    D:12: 2300 daAuts
    D:13: 2281 daAuts
    D:14: 2272 daAuts
     D:3: 2190 daAuts
   Orc:2: 2051 daAuts
   Elf:1: 2033 daAuts
Spider:3: 1821 daAuts
